 Dungeon Crawl Stone Soup version 0.19-a0-1206-g6bcb79c (webtiles) character file.

3990 Duffy the Carver (level 10, 80/80 HPs)
             Began as a Demonspawn Monk on Aug 21, 2016.
             Was a High Priest of Cheibriados.
             Quit the game on level 8 of the Dungeon.
             The game lasted 00:12:52 (10641 turns).

Duffy the Carver (Demonspawn Monk)                 Turns: 10641, Time: 00:12:52

Health: 80/80      AC: 19    Str: 24    XL:     10   Next: 3%
Magic:  15/15      EV: 12    Int: 27    God:    Cheibriados [*****.]
Gold:   116        SH:  0    Dex: 32    Spells: 0 memorised, 9 levels left

rFire  . . .     SeeInvis .     r - +1 long sword
rCold  . . .     Gourm    .     t - +0 chain mail
rNeg   . . .     Faith    .     (no shield)
rPois  +         Spirit   .     o - +1 helmet {Int+3}
rElec  .         Dismiss  .     D - +2 cloak {+Inv}
rCorr  .         Reflect  .     e - +0 pair of gloves
MR     .....     Harm     +     q - +0 pair of boots
Stlth  +......... Rnd*Rage +    B - amulet of harm
                                H - ring of poison resistance
                                s - +3 ring of protection

@: very slow
A: hooves 2, agile 1, berserk 1, deterioration 2, nightstalker 1, robust 1,
sanguine armour 2
a: Bend Time, Temporal Distortion, Slouch, Step From Time, Renounce Religion,
Evoke Invisibility


You were on level 8 of the Dungeon.
You worshipped Cheibriados.
Cheibriados was extremely pleased with you.
You were not hungry.

You visited 1 branch of the dungeon, and saw 9 of its levels.

You collected 376 gold pieces.
You spent 260 gold pieces at shops.

Inventory:

Hand Weapons
 r - a +1 long sword (weapon)
Armour
 e - a +0 pair of gloves (worn)
 o - a +1 helmet of intelligence (worn)
 q - a +0 pair of boots (worn)
 t - a +0 chain mail (worn)
 D - a +2 cloak of invisibility (worn)
Jewellery
 s - a +3 ring of protection (left hand)
 B - an amulet of harm (around neck)
 H - a ring of poison resistance (right hand)
Wands
 w - a wand of flame (23/48)
Scrolls
 d - 4 scrolls of remove curse
 j - 3 scrolls of recharging
 n - a scroll of blinking {unknown}
 v - a scroll of identify
 x - a scroll of enchant weapon
 y - a scroll of amnesia {unknown}
 A - a scroll of magic mapping
 C - a scroll of random uselessness {unknown}
 E - a scroll of fear {unknown}
 G - a scroll of vulnerability
 I - 2 scrolls of teleportation
Potions
 i - 4 potions of flight
 k - a potion of curing
 p - 2 potions of ambrosia
Books
 z - a book of Debilitation

   Spells                             Type                      Level
   a - Corona                         Hexes                        1
   b - Slow                           Hexes                        2
   c - Gell's Gravitas                Hexes/Translocation          3
   d - Inner Flame                    Hexes/Fire                   3
   e - Cause Fear                     Hexes                        4
   f - Leda's Liquefaction            Hexes/Earth                  4
Comestibles
 a - a slice of pizza
 c - 6 bread rations
 g - 2 beef jerkies
 l - 2 meat rations


   Skills:
 + Level 4.4 Fighting
 + Level 10.3 Long Blades
 + Level 2.6 Armour
 + Level 4.1 Dodging
 - Level 1.7 Stealth
 - Level 7.5 Evocations


You had 9 spell levels left.
You didn't know any spells.

Dungeon Overview and Level Annotations

Branches:
Dungeon (9/15)             Temple (0/1) D:6
   Lair: D:8-11         Orc: D:9-12

Altars:
Cheibriados
Kikubaaqudgha
Makhleb
Ru
Sif Muna
Trog
Yredelemnul

Shops:
D:4 *[   D:6 *

Annotations:
D:8 Maurice
D:9 Prince Ribbit


Innate Abilities, Weirdness & Mutations

You have hoof-like feet.
You are slightly more attuned to the shadows.
When seriously injured, your bleeding wounds create thick armour. (AC +0)
You are agile. (Dex +2)
You tend to lose your temper in combat.
Your body often deteriorates upon taking damage.
You are robust. (+10% HP)


Message History

You hear some strange, mumbled words.
You miss something. Something hits you but does no damage.
You closely miss something. Something hits you.
Something steals your +3 ring of intelligence!
You miss something.
Maurice casts a spell.
Maurice looks slightly unstable.
Maurice says, "Nice gear.
Can I borrow some?"
You hit Maurice but do no damage.
Maurice is severely wounded.
Maurice disappears!
No target in view!
No target in view!
HP restored.
Done exploring.
Done exploring.
Evoke which item? (* to show all) (? for menu, Esc to quit)
Okay, then.
Done exploring.
Are you sure you want to abandon this character and quit the game? (Confirm with "yes".)

#...# ##..##..............#.
#(..# ##...............#...
#...# ###.................
#...###########..##.....##..
#.......................##..
#...##########...##........#
#.......# #.#............
#...###.######.####.........
#...# #....@...###.........#
#######........##..#...#....
#..........#..##..#....
#.............##.......
###.....................#
#######.............####.......
#.........................#....
#..................#####......#
#................)...##.......#


There were no monsters in sight!

Vanquished Creatures
  Pikel (D:6)
  The ghost of Aquadorian the Poker, an amateur CeGl (D:5)
  A hungry ghost (D:8)
  Menkaure (D:7)
  A slave (D:6)
  3 sky beasts
  3 orc warriors
  A black bear (D:8)
  A phantom (D:6)
  3 ogres
  5 giant frogs
  3 scorpions
  12 killer bees
  A howler monkey (D:4)
  A wasp zombie (D:6)
  A crimson imp (D:5)
  5 hounds
  A jelly (D:4)
  A giant frog skeleton (D:6)
  2 orc priests
  11 worker ants
  An iguana (D:5)
  5 orc wizards
  Natasha (thrice) (D:3)
  A hound zombie (D:8)
  2 hound skeletons
  A howler monkey zombie (D:7)
  3 gnolls (D:5)
  6 adders
  A shadow imp (D:8)
  2 oozes
  A worm (D:3)
  4 dart slugs
  6 giant geckos
  26 orcs
  5 bats
  4 giant cockroaches
  2 gnoll zombies (D:4)
  4 goblins
  6 hobgoblins
  9 jackals
  2 quokkas
  4 ball pythons
  A giant cockroach zombie (D:5)
  A giant gecko zombie (D:6)
  A giant newt (D:6)
  3 kobolds (D:2)
  3 rats
166 creatures vanquished.

Vanquished Creatures (others)
  2 slaves (D:6)
  A centaur skeleton (D:5)
  A giant frog skeleton (D:5)
  A worker ant (D:6)
  An adder (D:6)
  An orc (D:6)
7 creatures vanquished.

Grand Total: 173 creatures vanquished

Notes
Turn   | Place    | Note
-------+----------+-------------------------------------------
     0 | D:1      | Duffy the Demonspawn Monk began the quest for the Orb.
     0 | D:1      | Reached XP level 1. HP: 18/18 MP: 1/1
   131 | D:1      | Reached skill level 3 in Long Blades
   263 | D:1      | Gained mutation: You are slightly more attuned to the shadows. [demonic ancestry]
   263 | D:1      | Reached XP level 2. HP: 22/24 MP: 2/2
  1091 | D:2      | Reached XP level 3. HP: 29/29 MP: 3/3
  1152 | D:2      | Found a sacrificial altar of Ru.
  1713 | D:2      | Reached skill level 4 in Long Blades
  1925 | D:3      | Reached XP level 4. HP: 24/35 MP: 4/4
  2288 | D:3      | Found a deep blue altar of Sif Muna.
  2421 | D:3      | Noticed Natasha
  2429 | D:3      | Killed Natasha
  2429 | D:3      | Reached skill level 5 in Long Blades
  2443 | D:3      | Found a bloodstained altar of Trog.
  2461 | D:3      | Gained mutation: When seriously injured, your bleeding wounds create armour. (AC +0) [demonic ancestry]
  2461 | D:3      | Reached XP level 5. HP: 19/41 MP: 5/5
  3208 | D:3      | Noticed Natasha
  3214 | D:3      | Killed Natasha
  3226 | D:3      | Noticed Natasha
  3232 | D:3      | Killed Natasha
  3422 | D:4      | Noticed an ogre
  3436 | D:4      | Killed an ogre
  3436 | D:4      | Reached skill level 6 in Long Blades
  3436 | D:4      | Reached XP level 6. HP: 47/47 MP: 6/6
  3592 | D:4      | Found Luxim's Antique Armour Shop.
  3748 | D:4      | Found Unoukegg's Assorted Antiques.
  3923 | D:4      | Found a basalt altar of Yredelemnul.
  4161 | D:4      | Bought a runed cloak for 130 gold pieces
  4179 | D:5      | Entered Level 5 of the Dungeon
  4179 | D:5      | Noticed Aquadorian's ghost (amateur CeGl)
  4378 | D:4      | Reached skill level 7 in Long Blades
  4528 | D:4      | Reached skill level 1 in Evocations
  4649 | D:5      | Gained mutation: You have large cloven feet. [demonic ancestry]
  4649 | D:5      | Reached XP level 7. HP: 52/52 MP: 7/7
  5201 | D:5      | Found a burning altar of Makhleb.
  5789 | D:6      | Gained mutation: You are robust. (+10% HP) [mutagenic meat]
  5939 | D:6      | Found a snail-covered altar of Cheibriados.
  5946 | D:6      | Became a worshipper of Cheibriados the Contemplative
  5946 | D:6      | Reached * piety under Cheibriados
  5946 | D:6      | Reached ** piety under Cheibriados
  6050 | D:6      | Noticed Pikel
  6082 | D:6      | Killed Pikel
  6082 | D:6      | Reached skill level 8 in Long Blades
  6082 | D:6      | Gained mutation: When seriously injured, your bleeding wounds create thick armour. (AC +0) [demonic ancestry]
  6082 | D:6      | Reached XP level 8. HP: 24/63 MP: 9/11
  6318 | D:6      | Reached skill level 5 in Evocations
  6735 | D:6      | Found Ucunwac's General Store.
  6754 | D:6      | Found a staircase to the Ecumenical Temple.
  6930 | D:7      | Reached skill level 9 in Long Blades
  7275 | D:7      | Noticed Menkaure
  7284 | D:7      | Killed Menkaure
  7548 | D:4      | Bought a glowing helmet for 130 gold pieces
  7591 | D:4      | Gained mutation: You have hoof-like feet. [demonic ancestry]
  7591 | D:4      | Reached XP level 9. HP: 47/69 MP: 13/13
  7710 | D:5      | Reached *** piety under Cheibriados
  7837 | D:5      | Killed Aquadorian's ghost
  8535 | D:7      | Found an ancient bone altar of Kikubaaqudgha.
  8652 | D:7      | Reached **** piety under Cheibriados
  8674 | D:7      | Reached skill level 1 in Armour
  8993 | D:7      | Reached skill level 10 in Long Blades
  9866 | D:8      | Reached ***** piety under Cheibriados
  9919 | D:7      | Gained mutation: Your body sometimes deteriorates upon taking damage. [mutagenic meat]
  9922 | D:7      | Gained mutation: Your body often deteriorates upon taking damage. [mutagenic meat]
  9925 | D:7      | Gained mutation: Your spells are a little easier to cast, but a little less powerful. [mutagenic meat]
  9928 | D:7      | Gained mutation: You tend to lose your temper in combat. [mutagenic meat]
  9931 | D:7      | Lost mutation: Your spells are a little easier to cast, but a little less powerful. [mutagenic meat]
  9934 | D:7      | Gained mutation: You are agile. (Dex +2) [mutagenic meat]
 10202 | D:8      | Reached XP level 10. HP: 80/80 MP: 15/15
 10560 | D:9      | Noticed Prince Ribbit
 10560 | D:9      | Noticed Maurice
 10641 | D:8      | Quit the game

Vault maps used:
D:1:      dpeg_arrival_water_fire, serial_corexii_hall, corexii_hall_statues_l,
          corexii_hall_statues_s
D:2:      lemuel_doored_altar
D:3:      lemuel_coloured_pillars_altar, lemuel_round_altar, first_bread,
          uniq_natasha
D:4:      lemuel_zombie_altar_yredelemnul, serial_shops, shop_fountains, shop,
          due_unseen_surprise
D:5:      basic_altar, lemuel_flame_loot_1
D:6:      serial_shops, nicolae_shop_behind_doors,
          minmay_misc_feat_four_crosses, cheibriados_altar_1, uniq_pikel
D:7:      kiku_gazebo_garden_becter, kennysheep_decorative_pillar, uniq_menkaure
D:9:      serial_glass, glass_columns_c, glass_columns_a, feat_on_display,
          item_on_display_a, item_on_display_a, minmay_strange_pillars,
          uniq_prince_ribbit1, uniq_maurice

Skill      XL: |  1  2  3  4  5  6  7  8  9 |
---------------+----------------------------+-----
Long Blades    | 3 4 5 6 7 8 9 10 | 10.3
Evocations     | 1 4 6 7 |  7.5
Armour         | 2 |  2.6
Dodging        | 4 |  4.1
Fighting       | 4 |  4.4
Stealth        | |  1.7

Action                   |  1- 3 |  4- 6 |  7- 9 | 10-12 || total
-------------------------+-------+-------+-------+-------++-------
Melee: Falchion          |    87 |       |       |       ||    87
       Long sword        |    14 |   197 |   524 |    51 ||   786
 Abil: Evoke Invisibilit |       |     1 |     7 |       ||     8
       Turn Visible      |       |       |     2 |       ||     2
  Use: Scroll            |     6 |       |     6 |       ||    12
       Potion            |       |       |     6 |       ||     6
 Stab: Sleeping          |     7 |     6 |     3 |       ||    16
       Invisible         |       |     5 |    22 |       ||    27
       Distracted        |       |       |     1 |       ||     1
       Held in net/web   |       |       |     1 |       ||     1
  Eat: Chunk             |     3 |     8 |    19 |     1 ||    31
       Fruit             |       |     2 |       |       ||     2
       Bread ration      |       |       |     1 |       ||     1
Armor: Leather armour    |    26 |    49 |    21 |       ||    96
       Ring mail         |       |       |    70 |       ||    70
       Skin              |       |       |     4 |       ||     4
       Chain mail        |       |       |   112 |    26 ||   138
Dodge: Dodged            |    59 |   111 |   246 |    20 ||   436
